 Dungeon Crawl Stone Soup version 0.22-a0-779-g6f83d72c62 (webtiles) character file.

16057 Htamos the Magus (level 12, -5/108 HPs)
             Began as a Hill Orc Fighter on July 19, 2018.
             Was an Elder of Nemelex Xobeh.
             Slain by brujo666's ghost (13 damage)
             ... on level 2 of the Orcish Mines.
             The game lasted 00:32:26 (15844 turns).

Htamos the Magus (Hill Orc Fighter)                Turns: 15844, Time: 00:32:26

Health: -5/108     AC: 23    Str: 28    XL:     12   Next: 33%
Magic:  21/21      EV:  6    Int: 15    God:    Nemelex Xobeh [****..]
Gold:   613        SH: 13    Dex: 17    Spells: 11/11 levels left

rFire    + . .     SeeInvis .   a - +1 war axe
rCold    . . .     Gourm    .   c - +0 shield
rNeg     . . .     Faith    .   G - +2 plate armour {rF+}
rPois    .         Spirit   .   N - +0 helmet
rElec    .         Reflect  .   H - +2 cloak
rCorr    .         Harm     .   k - +1 pair of gloves
MR       ++...                  (no boots)
Stlth    ..........             (no amulet)
HPRegen  0.28/turn              R - ring of the Mage {Wiz MR++ Int+3}
MPRegen  0.17/turn              J - ring "Wulyro" {*Corrode Str+8 Int+4 Dex+3}

@: no status effects
A: deterioration 1
a: Triple Draw, Deal Four, Renounce Religion


You were on level 2 of the Orcish Mines.
You worshipped Nemelex Xobeh.
Nemelex Xobeh was greatly pleased with you.
You were not hungry.

You visited 3 branches of the dungeon, and saw 14 of its levels.

You collected 1747 gold pieces.
You spent 1134 gold pieces at shops.

Inventory:

Hand Weapons
 a - a +1 war axe (weapon)
 x - a +0 battleaxe
 O - a +1 scimitar of flaming
Armour
 c - a +0 shield (worn)
 g - a +2 robe of positive energy
 k - a +1 pair of gloves (worn)
 v - a +3 leather armour
 C - a scarf of repulsion
 G - a +2 plate armour of fire resistance (worn)
 H - a +2 cloak (worn)
 N - a +0 helmet (worn)
Jewellery
 n - a +4 ring of strength
 J - the ring "Wulyro" (right hand) {*Corrode Str+8 Int+4 Dex+3}
   (You bought it in a shop on level 8 of the Dungeon)

   [ring of intelligence]

   It affects your strength (+8).
   It affects your intelligence (+4).
   It affects your dexterity (+3).
   It may corrode you when you take damage.
 R - the ring of the Mage (left hand) {Wiz MR++ Int+3}
   (You bought it in a shop on level 6 of the Dungeon)

   [ring of wizardry]

   It improves your spell success rate.
   It affects your intelligence (+3).
   It affects your resistance to hostile enchantments.
Wands
 e - a wand of polymorph (12)
 o - a wand of flame (28)
 q - a wand of disintegration (2)
 P - a wand of iceblast (11)
Scrolls
 i - 2 scrolls of magic mapping
 l - 7 scrolls of teleportation
 m - 3 scrolls of identify
 u - 2 scrolls of noise
 y - 2 scrolls of remove curse
 D - a scroll of enchant weapon
 M - 2 scrolls of fear
Potions
 b - 4 potions of degeneration
 h - 4 potions of cancellation
 j - 2 potions of haste
 p - 2 potions of agility
 s - a potion of magic
 z - a potion of brilliance
 E - a potion of invisibility
Miscellaneous
 t - an ornate deck of escape
 B - an ornate deck of escape
 Q - a plain deck of destruction {drawn: 3}
 S - a plain deck of destruction
Comestibles
 f - 21 rations
 r - 3 chunks of flesh


   Skills:
 + Level 10.8 Fighting
 + Level 11.2 Axes
 + Level 9.9 Armour
 + Level 9.9 Shields
 * Level 13.0 Invocations


You had 11 spell levels left.
You didn't know any spells.
Your spell library contained the following spells:

 Spells                   Type           Power        Failure   Level  Hunger
 Apportation              Tloc           #.....       83%         1    ##.....
 Summon Small Mammal      Summ           #...         83%         1    ##.....
 Animate Skeleton         Necr           N/A          83%         1    ##.....
 Confusing Touch          Hex            #.....       83%         1    ##.....


Dungeon Overview and Level Annotations

Branches:
Dungeon (11/15)            Temple (1/1) D:4             Orc (2/2) D:10
    Elf (0/3) Orc:2
   Lair: D:8-11

Altars:
Ashenzari
Cheibriados
Dithmenos
Elyvilon
Fedhas
Gozag
Hepliaklqana
Kikubaaqudgha
Makhleb
Nemelex Xobeh
Okawaru
Qazlal
Ru
Sif Muna
Trog
Uskayaw
Vehumet
Wu Jian
Xom
Yredelemnul
Zin
The Shining One
Beogh

Shops:
D:6 =   D:8 =   Orc:2 ([!:

Annotations:
Orc:2 brujo666's ghost, journeyman DsGl


Innate Abilities, Weirdness & Mutations

Your body sometimes deteriorates upon taking damage.


Message History

You create a blast of flame!
The now-empty wand crumbles to dust.
Brujo666's ghost hits you!
* * * LOW HITPOINT WARNING * * *
You hit brujo666's ghost but do no damage.
Brujo666's ghost is almost destroyed.
You block brujo666's ghost's attack.
You barely miss brujo666's ghost.
Brujo666's ghost is almost destroyed.
You block brujo666's ghost's attack.
You hit brujo666's ghost.
Brujo666's ghost is almost destroyed.
You block brujo666's ghost's attack.
You barely miss brujo666's ghost.
Brujo666's ghost is almost destroyed.
Brujo666's ghost hits you but does no damage.
You closely miss brujo666's ghost.
Brujo666's ghost is almost destroyed.
Brujo666's ghost hits you!
You die...
Your body disappears without a glow.

##.### #####....#.))...#. #....##
##.#.#...##..#.8.'. ##....#
#.......#....#.).#. ##....#
##.#.#.#.....###### ##....##
##....#........... ######......#
##............... .##.##..#...##
#####.............
........o....###.####............
..........#.###.@.##...)).......<
.........#####..W.###.#...#####..
...........###.§§§.####...#...#..
.............#.§§§.###....#)._#.#
..#...........§§#§§.#.....')..#..
####..#......#§##§§.......#####).
#...##.....###.#..#...#........
#...###'#####.......<###.......
#...##.≈.# ##.##.#.######.....


You could see brujo666's ghost.

Vanquished Creatures
  A centaur warrior (D:10)
  5 two-headed ogres
  Erica (D:11)
  An orc high priest (Orc:2)
  An orc sorcerer (Orc:2)
  A cyclops (Orc:1)
  Maurice (D:8)
  Psyche (D:8)
  A troll (Orc:2)
  A hippogriff (D:9)
  3 yaks (D:9)
  2 wyverns
  A hungry ghost (D:9)
  A warg (Orc:2)
  18 orc warriors
  6 ice beasts
  3 sky beasts (D:10)
  A black bear (D:9)
  A necrophage (D:6)
  A phantom (D:8)
  An ogre (Orc:2)
  4 centaurs
  A crocodile (D:9)
  3 bullfrogs
  Blork the orc (D:6)
  8 wights
  2 howler monkeys
  4 crimson imps
  A centaur zombie (D:8)
  A quasit (D:8)
  3 jellies
  2 bullfrog zombies
  13 orc priests
  7 hounds
  15 orc wizards
  A centaur skeleton (D:4)
  Jessica (D:3)
  3 bullfrog skeletons
  5 iguanas
  6 worker ants
  A hound zombie (D:8)
  2 hound skeletons
  A mummy (D:8)
  A howler monkey zombie (D:7)
  A worker ant zombie (D:7)
  5 gnolls
  6 adders
  3 shadow imps
  An ooze (D:3)
  An adder zombie (D:7)
  2 adder skeletons (D:8)
  4 dart slugs
  7 leopard geckos
  72 orcs
  A ball python (D:4)
  6 bats
  5 giant cockroaches
  11 goblins
  14 hobgoblins
  8 jackals
  3 quokkas
  5 frilled lizards
  A jackal skeleton (D:6)
  7 kobolds
  A quokka skeleton (D:6)
  5 rats
307 creatures vanquished.

Vanquished Creatures (collateral kills)
  A quicksilver dragon (Orc:2)
  Erolcha (D:9)
  An orc sorcerer (Orc:2)
  An orc knight (D:10)
  3 orc warriors (Orc:2)
  3 ogres (D:5)
  A wight (D:6)
  An orc priest (Orc:2)
  A jelly (Orc:2)
  An adder (D:5)
  An orc (Orc:2)
  A giant cockroach (D:5)
  A quokka (D:5)
17 creatures vanquished.

Vanquished Creatures (others)
  A ball lightning (D:5)
  2 jackals (D:8)
  A frilled lizard (Orc:2)
  2 plants (Orc:1)
6 creatures vanquished.

Grand Total: 330 creatures vanquished

Notes
Turn   | Place    | Note
-------+----------+-------------------------------------------
     0 | D:1      | Htamos the Hill Orc Fighter began the quest for the Orb.
     0 | D:1      | Reached XP level 1. HP: 19/19 MP: 1/1
   132 | D:1      | Reached XP level 2. HP: 24/27 MP: 2/2
   428 | D:1      | Reached XP level 3. HP: 28/33 MP: 3/3
  1258 | D:2      | Reached XP level 4. HP: 28/40 MP: 4/4
  1508 | D:2      | Found a faded altar of an unknown god.
  2206 | D:3      | Noticed Jessica
  2217 | D:3      | Killed Jessica
  2435 | D:3      | Reached XP level 5. HP: 44/47 MP: 5/5
  2717 | D:4      | Found a staircase to the Ecumenical Temple.
  2750 | Temple   | Entered the Ecumenical Temple
  2911 | Temple   | Became a worshipper of Nemelex Xobeh the Trickster
  3131 | D:4      | Reached skill level 5 in Fighting
  3145 | D:4      | Reached XP level 6. HP: 56/56 MP: 6/6
  3230 | D:4      | Received a gift from Nemelex Xobeh
  3889 | D:5      | Entered Level 5 of the Dungeon
  4122 | D:5      | Noticed an ice beast
  4132 | D:5      | Killed an ice beast
  4132 | D:5      | Reached skill level 5 in Axes
  4132 | D:5      | Reached skill level 5 in Armour
  4132 | D:5      | Reached skill level 5 in Shields
  4148 | D:5      | Reached XP level 7. HP: 19/61 MP: 7/7
  4841 | D:5      | Received a gift from Nemelex Xobeh
  4891 | D:5      | Reached * piety under Nemelex Xobeh
  5043 | D:6      | Noticed Blork the orc
  5051 | D:6      | Killed Blork the orc
  5057 | D:6      | Found a deep blue altar of Sif Muna.
  5143 | D:6      | Reached XP level 8. HP: 54/70 MP: 8/8
  5238 | D:6      | Received a gift from Nemelex Xobeh
  5440 | D:6      | Reached skill level 1 in Invocations
  5716 | D:6      | Reached skill level 2 in Invocations
  5919 | D:6      | Reached skill level 3 in Invocations
  6086 | D:6      | Found Tiocor's Jewellery Shop.
  6419 | D:7      | Reached skill level 4 in Invocations
  6682 | D:7      | Reached XP level 9. HP: 59/78 MP: 12/12
  6685 | D:7      | Reached skill level 5 in Invocations
  7537 | D:8      | Reached ** piety under Nemelex Xobeh
  7539 | D:8      | Received a gift from Nemelex Xobeh
  7549 | D:8      | Noticed a two-headed ogre
  7554 | D:8      | Noticed Maurice
  7562 | D:8      | Killed a two-headed ogre
  7562 | D:8      | Reached skill level 7 in Invocations
  7564 | D:8      | Killed Maurice
  7868 | D:8      | Found a shimmering altar of Xom.
  7954 | D:8      | Found Cuotimus's Jewellery Shop.
  7996 | D:8      | Reached XP level 10. HP: 88/88 MP: 15/15
  8044 | D:8      | Noticed Psyche
  8075 | D:8      | Reached skill level 8 in Invocations
  8327 | D:8      | Killed Psyche
  8621 | D:8      | Found a snail-covered altar of Cheibriados.
  8968 | D:9      | Noticed a two-headed ogre
  8980 | D:9      | Killed a two-headed ogre
  8980 | D:9      | Reached skill level 9 in Invocations
  9128 | D:9      | Received a gift from Nemelex Xobeh
  9137 | D:9      | Noticed Erolcha
  9151 | D:9      | Killed Erolcha
  9930 | D:10     | Entered Level 10 of the Dungeon
  9965 | D:9      | Reached skill level 10 in Invocations
 10070 | D:10     | Found a staircase to the Orcish Mines.
 10318 | D:10     | Reached *** piety under Nemelex Xobeh
 10379 | D:10     | Noticed a centaur warrior
 10396 | D:10     | Killed a centaur warrior
 10396 | D:10     | Reached XP level 11. HP: 47/97 MP: 18/18
 10628 | D:10     | Noticed a two-headed ogre
 10637 | D:10     | Killed a two-headed ogre
 10637 | D:10     | Reached skill level 10 in Axes
 11240 | D:10     | Noticed a two-headed ogre
 11271 | D:10     | Killed a two-headed ogre
 11271 | D:10     | Reached skill level 11 in Invocations
 11617 | D:10     | Found a roughly hewn altar of Beogh.
 11889 | D:11     | Noticed a two-headed ogre
 11889 | D:11     | Noticed Erica
 11903 | D:11     | Killed a two-headed ogre
 11903 | D:11     | Reached skill level 10 in Fighting
 11929 | D:11     | Killed Erica
 11930 | D:11     | Received a gift from Nemelex Xobeh
 12336 | D:11     | Received a gift from Nemelex Xobeh
 12524 | Orc:1    | Entered Level 1 of the Orcish Mines
 12555 | Orc:1    | Noticed a cyclops
 12582 | Orc:1    | Killed a cyclops
 12677 | Orc:2    | Entered Level 2 of the Orcish Mines
 12709 | Orc:2    | Found a roughly hewn altar of Beogh.
 12714 | Orc:2    | Noticed an orc knight
 12967 | Orc:1    | Identified a scroll of acquirement
 13060 | D:8      | Bought the ring "Wulyro" {*Corrode Str+8 Int+4 Dex+3} for 566 gold pieces
 13090 | D:6      | Bought the ring of the Mage {Wiz MR++ Int+3} for 568 gold pieces
 13090 | D:6      | Found the ring of the Mage {Wiz MR++ Int+3}
 13223 | D:10     | Killed an orc knight
 13448 | Orc:1    | Reached skill level 12 in Invocations
 13471 | Orc:2    | Found Vehiaguh's Book Emporium.
 13512 | Orc:2    | Found a roughly hewn altar of Beogh.
 13674 | Orc:2    | Found a roughly hewn altar of Beogh.
 13704 | Orc:2    | Found a roughly hewn altar of Beogh.
 14152 | Orc:2    | Found a roughly hewn altar of Beogh.
 14156 | Orc:2    | Found Kicuw's Distillery.
 14186 | Orc:2    | Received a gift from Nemelex Xobeh
 14220 | Orc:2    | Reached **** piety under Nemelex Xobeh
 14390 | Orc:2    | Noticed an orc sorcerer
 14407 | Orc:2    | Killed an orc sorcerer
 14407 | Orc:2    | Reached XP level 12. HP: 46/107 MP: 21/21
 14435 | Orc:2    | Noticed an orc warlord
 14438 | Orc:2    | Noticed a quicksilver dragon
 14438 | Orc:2    | an orc warlord changed into a quicksilver dragon
 14449 | Orc:2    | Found a staircase to the Elven Halls.
 14816 | Orc:2    | Noticed an orc high priest
 14823 | Orc:2    | Noticed a sun demon
 14832 | Orc:2    | Gained mutation: Your body sometimes deteriorates upon taking damage. [a neqoxec]
 14833 | Orc:2    | Killed an orc high priest
 15179 | Orc:2    | Found Tyfrirho's Antique Weapon Shop.
 15179 | Orc:2    | Found a roughly hewn altar of Beogh.
 15182 | Orc:2    | Found Puyxilut's Antique Armour Boutique.
 15295 | Orc:2    | Killed a quicksilver dragon
 15621 | Orc:2    | Found a runed door.
 15623 | Orc:2    | Noticed brujo666's ghost (journeyman DsGl)
 15685 | Orc:2    | Reached skill level 13 in Invocations
 15844 | Orc:2    | Slain by brujo666's ghost

Vault maps used:
D:1:      onia_arrival_pyramid
D:2:      chequers_ecumenical_altar_island
D:3:      first_ration, minmay_misc_feat_pillars, grunt_ministairs_10,
          uniq_jessica
D:4:      minmay_temple_entry_purple_smoke
D:6:      corexii_shantytown, serial_shops, nicolae_shop_statue_plus, tgw_sif
D:8:      slow_altar_2, basic_altar, serial_shops, nicolae_shop_statue_plus,
          uniq_psyche, uniq_maurice
D:9:      uniq_erolcha
D:10:     minmay_orc_entry_temple_small
D:11:     lair_entry_dummy, portal_ice_cave_entry_pillars_2, uniq_erica
Temple:   regret_index_temple_sigil_plot
Orc:1:    serial_shops, nicolae_shop_overgrown_old_shop
Orc:2:    grunt_orc_community_town_hall, grunt_orc_community_big_house_2,
          grunt_orc_community_big_house_2, grunt_orc_community_house_1,
          grunt_orc_community_house_1, grunt_orc_community_house_3,
          grunt_orc_community_house_3, grunt_orc_community_house_1, basic_altar,
          ebering_ghost_reflecting_pool

Skill      XL: |  1  2  3  4  5  6  7  8  9 10 11 12 |
---------------+-------------------------------------+-----
Axes           | 3 4 5 6 7 8 9 10 11 | 11.2
Fighting       | 4 5 6 7 8 9 10 | 10.8
Armour         | 4 5 6 7 8 9 |  9.9
Shields        | 4 5 6 7 8 9 |  9.9
Invocations    | 4 7 10 12 13 | 13.0

Action                   |  1- 3 |  4- 6 |  7- 9 | 10-12 || total
-------------------------+-------+-------+-------+-------++-------
Melee: War axe           |   107 |   151 |   312 |   669 ||  1239
Evoke: Deck              |       |     2 |     8 |    18 ||    28
       Wand              |       |       |     3 |    18 ||    21
  Use: Scroll            |       |    11 |     5 |    15 ||    31
       Potion            |       |       |     3 |     9 ||    12
 Stab: Sleeping          |       |       |     1 |       ||     1
       Petrified         |       |       |       |     1 ||     1
  Eat: Chunk             |     1 |    10 |     4 |    18 ||    33
       Ration            |       |       |     2 |     4 ||     6
Armor: Scale mail        |    43 |    75 |    11 |       ||   129
       Leather armour    |       |       |    41 |       ||    41
       Plate armour      |       |       |    88 |   342 ||   430
       Skin              |       |       |    10 |       ||    10
Dodge: Dodged            |    38 |    48 |    95 |   112 ||   293
       Deflected         |       |       |     3 |       ||     3
Block: Shield            |    61 |    71 |   177 |   371 ||   680

Table legend:
 A = Spawn XP
 B = Non-spawn XP
 C = Spawn XP percentage of total XP
 D = Spawn monster count
 E = Non-spawn monster count
 F = Spawn count percentage of total count
 G = Total turns spent on level
                    A         B        C        D         E        F      G
               +---------+---------+-------+---------+---------+-------+---------
         Total |       0 |   22939 |   0.0 |       0 |     326 |   0.0 | 15844
               +---------+---------+-------+---------+---------+-------+---------
           D:1 |       0 |      49 |   0.0 |       0 |      21 |   0.0 |  1077
           D:2 |       0 |      56 |   0.0 |       0 |      21 |   0.0 |  1043
           D:3 |       0 |      69 |   0.0 |       0 |       9 |   0.0 |   681
           D:4 |       0 |     210 |   0.0 |       0 |      13 |   0.0 |  1205
           D:5 |       0 |     555 |   0.0 |       0 |      15 |   0.0 |   908
           D:6 |       0 |    1090 |   0.0 |       0 |      45 |   0.0 |  1802
           D:7 |       0 |     922 |   0.0 |       0 |      22 |   0.0 |  1084
           D:8 |       0 |    2451 |   0.0 |       0 |      23 |   0.0 |  1315
           D:9 |       0 |    3125 |   0.0 |       0 |      23 |   0.0 |  1067
          D:10 |       0 |    4828 |   0.0 |       0 |      29 |   0.0 |  1946
          D:11 |       0 |    2152 |   0.0 |       0 |       9 |   0.0 |   511
         Orc:1 |       0 |     644 |   0.0 |       0 |       2 |   0.0 |   442
         Orc:2 |       0 |    6788 |   0.0 |       0 |      94 |   0.0 |  2443
               +---------+---------+-------+---------+---------+-------+---------
